 Dungeon Crawl Stone Soup version 0.23.1 (webtiles) character file.

Game seed: 823811877292796538

30 Borgoz the Sneak (level 3, 0/27 HPs)
             Began as a Ghoul Enchanter on Mar 3, 2019.
             Slain by an adder (1 damage)
             ... on level 2 of the Dungeon.
             The game lasted 00:02:04 (1115 turns).

Borgoz the Sneak (Ghoul Enchanter)                  Turns: 1115, Time: 00:02:05

Health: 0/27       AC:  3    Str: 15    XL:     3   Next: 20%
Magic:  4/4        EV: 18    Int: 10    God:
Gold:   52         SH:  0    Dex: 15    Spells: 4/5 levels left

rFire    . . .     SeeInvis .   a - +1 dagger
rCold    + . .     Gourm    .   (no shield)
rNeg     + + +     Faith    .   b - +0 robe
rPois    ∞         Spirit   .   (no helmet)
rElec    .         Reflect  .   k - +0 cloak
rCorr    .         Harm     .   (no gloves)
MR       .....                  (no boots)
Stlth    +++.......             (no amulet)
HPRegen  0.00/turn              c - +4 ring of strength
MPRegen  0.09/turn              h - ring of flight

@: agile, rotting
A: rotting body, claws 1, carnivore, cold resistance 1, negative energy
resistance 3, inhibited regeneration, torment resistance, unbreathing
a: Evoke Flight


You were on level 2 of the Dungeon.
You were not hungry.

You visited 1 branch of the dungeon, and saw 2 of its levels.

You collected 52 gold pieces.

Inventory:

Hand Weapons
 a - a +1 dagger (weapon)
Armour
 b - a +0 robe (worn)
 j - a +0 ring mail
 k - a +0 cloak (worn)
Jewellery
 c - a +4 ring of strength (left claw)
 h - a ring of flight (right claw)
Scrolls
 f - a scroll of identify
 i - 3 scrolls of noise
Comestibles
 d - 2 rations


   Skills:
 + Level 0.6 Fighting
 * Level 1.4 Short Blades
 + Level 0.4 Armour
 * Level 2.2 Dodging
 + Level 3.5 Stealth
 + Level 1.9 Spellcasting
 + Level 2.5 Hexes


You had 4 spell levels left.
You knew the following spells:

 Your Spells              Type           Power        Failure   Level  Hunger
a - Corona                Hex            #......      11%         1    ##.....

Your spell library contained the following spells:

 Spells                   Type           Power        Failure   Level  Hunger
 Ensorcelled Hibernation  Hex/Ice        #.....       28%         2    ###....
 Confuse                  Hex            #.......     32%         3    ####...
 Tukima's Dance           Hex            #.......     32%         3    ####...
 Dazzling Spray           Conj/Hex       #.....       50%         3    ####...


Dungeon Overview and Level Annotations

Branches:
Dungeon (2/15)

Altars:
Gozag

Annotations:
D:2 Robin


Innate Abilities, Weirdness & Mutations

Your body is rotting away.
You thrive on raw meat.
You are immune to poison.
You have sharp fingernails.
You are carnivorous and can eat meat at any time.
Your flesh is cold resistant. (rC+)
You are immune to negative energy. (rN+++)
You do not regenerate when monsters are visible.
You are immune to unholy pain and torment.
You can survive without breathing.


Message History

The adder closely misses you.
You hit the goblin.
You kill the goblin!
The adder barely misses you. The adder barely misses you.
You see here a +0 short sword.
The hobgoblin no longer looks unusually strong.
Robin says, "A pitiful Ghoul like you will never find the ORB!"
Robin throws the goblin at you! The goblin hits you but does no damage.
The adder misses you.
The goblin unwields a +0 club.
The goblin wields a +0 hunting sling.
The goblin shoots a stone.
The stone misses you.
The goblin no longer looks unusually strong.
The adder bites you.
* * * LOW HITPOINT WARNING * * *
The goblin no longer looks unusually strong.
The adder barely misses you. The adder closely misses you. The adder bites you.
You die...

....#<#..#.# #. #.###.#..#÷#
...#.# #. #.....#..#.# ...#.#
######. #######..#.#### ...#.#
#...... .....#....# #.##.#
#...... ####...<....# #.##.#
#...... ...........# #.##.#
#......
##.........######.##.###......
#...>........@Sg.g.gg...g.....
#.#.#.....#########.##.###.g....
#.........# #.##.# #......
###.###...# #.##.# #..g...
..........# #.##.###g.gg..
##.....)..# #######.........#)##
..........###........#.####g#g#
..........##......(..#.# #.#.#
..........##..########.# #.#(#


You could see an adder, a hobgoblin and 3 goblins.

Vanquished Creatures
  2 oozes
  2 dart slugs (D:2)
  A leopard gecko (D:2)
  A bat (D:2)
  5 goblins (D:2)
  A hobgoblin (D:2)
  A quokka (D:2)
  A frilled lizard (D:2)
  A kobold (D:1)
  2 rats (D:1)
17 creatures vanquished.

Notes
Turn   | Place    | Note
-------+----------+-------------------------------------------
     0 | D:1      | Borgoz the Ghoul Enchanter began the quest for the Orb.
     0 | D:1      | Reached XP level 1. HP: 14/14 MP: 2/2
    37 | D:1      | Reached skill level 1 in Short Blades
    92 | D:1      | Reached XP level 2. HP: 5/20 MP: 3/3
   614 | D:2      | Found an opulent altar of Gozag.
   903 | D:2      | Reached XP level 3. HP: 10/27 MP: 4/4
  1085 | D:2      | Noticed Robin
  1107 | D:2      | HP: 1/27 [adder (4)]
  1115 | D:2      | Slain by an adder

Skill      XL: |  1  2 |
---------------+-------+-----
Short Blades   | 1 |  1.4
Dodging        | 2 |  2.2
Fighting       | |  0.6
Armour         | |  0.4
Stealth        | |  3.5
Spellcasting   | |  1.9
Hexes          | |  2.5

Action                   || total
-------------------------++-------
Melee: Dagger            ||    77
  Use: Potion            ||     2
       Scroll            ||     1
 Stab: Sleeping          ||     2
  Eat: Chunk             ||    13
Armor: Robe              ||    15
Dodge: Dodged            ||    48
